 Dungeon Crawl Stone Soup version 0.25.1-2-g60ff931df9 (webtiles) character file.

Game seed: 7425455730015156425

282 Delamore the Cudgeler (level 6, -5/37 HPs)
             Began as a Gargoyle Fighter on Aug 12, 2020.
             Was a Follower of Okawaru.
             Killed by divine providence
             ... invoked by an orc priest
              (12 damage)
             ... on level 5 of the Dungeon.
             The game lasted 00:03:42 (3608 turns).

Delamore the Cudgeler (Gargoyle Fighter)            Turns: 3608, Time: 00:03:43

Health: -5/37      AC: 11    Str: 22    XL:     6   Next: 28%
Magic:  15/15      EV:  9    Int:  8    God:    Okawaru [*.....]
Gold:   187        SH:  6    Dex:  9    Spells: 5/5 levels left

rFire    . . .     SeeInvis .   a - +0 flail
rCold    . . .     Gourm    .   g - +2 buckler
rNeg     + . .     Faith    +   b - +0 scale mail
rPois    ∞         Spirit   .   (no helmet)
rElec    +         Reflect  .   (no cloak)
rCorr    .         Harm     .   (no gloves)
MR       .....                  (no boots)
Stlth    ..........             m - amulet of faith
HPRegen  0.12/turn              k - ring of magical power
MPRegen  0.14/turn              p - ring of wizardry

@: no status effects
A: negative energy resistance 1, electricity resistance, unbreathing,
petrification resistance, rot immunity, AC +4
a: Heroism, Renounce Religion


You were on level 5 of the Dungeon.
You worshipped Okawaru.
Okawaru was aware of your devotion.
You were not hungry.

You visited 1 branch of the dungeon, and saw 5 of its levels.

You collected 187 gold pieces.

Inventory:

Hand Weapons
 a - a +0 flail (weapon)
Armour
 b - a +0 scale mail (worn)
 c - a +0 kite shield
 g - a +2 buckler (worn)
Jewellery
 k - a ring of magical power (left hand)
 m - an amulet of faith (around neck)
 p - a ring of wizardry (right hand)
Wands
 r - a wand of disintegration (9)
Scrolls
 e - 4 scrolls of identify {unknown}
 h - a scroll of fear {unknown}
 i - a scroll of immolation {unknown}
 j - 4 scrolls of remove curse {unknown}
 l - a scroll of magic mapping {unknown}
 n - a scroll of amnesia {unknown}
 q - 3 scrolls of teleportation {unknown}
Potions
 d - 3 potions of might
 o - a potion of brilliance {unknown}
 s - a potion of curing {unknown}
 t - a potion of stabbing {unknown}
 u - a potion of heal wounds {unknown}
 v - a potion of lignification {unknown}
Comestibles
 f - 15 rations
 w - 9 chunks of flesh


   Skills:
 - Level 3.2 Fighting
 + Level 6.1 Maces & Flails
 - Level 3.2 Armour
 - Level 4.0 Shields


You had 5 spell levels left.
You didn't know any spells.
Your spell library was empty.

Dungeon Overview and Level Annotations

Branches:
Dungeon (5/15)             Temple (0/1) D:4

Altars:
Elyvilon
Nemelex Xobeh
Okawaru
Ru
Trog


Innate Abilities, Weirdness & Mutations

You are resistant to torment.
Your stone body is resilient. (AC +4)
You are immune to poison.
You resist negative energy. (rN+)
You are resistant to electric shocks. (rElec)
You can survive without breathing.
You are immune to petrification.
You are immune to rotting.


Message History

Beogh smites you!
The orc wizard mumbles some strange words.
The orc wizard blinks!
You barely miss the orc priest.
The orc priest is moderately wounded.
The orc priest invokes the aid of Beogh against you.
Beogh smites you!
* * * LOW HITPOINT WARNING * * *
You are too injured to fight recklessly!
You are too injured to fight recklessly!
You are too injured to fight recklessly!
You are too injured to fight recklessly!
You are too injured to fight recklessly!
You are too injured to fight recklessly!
Okay, then.
Your scale mail prevents you from hitting the orc priest.
The orc priest is moderately wounded.
The orc priest calls down the wrath of Beogh upon you.
Beogh smites you!
You die...

### #.#
#.#########.###
#..o@........<###
############....#
#....# #....#
#....# #....#
#(...####
#.......#
#.......##


You could see an orc priest.

Vanquished Creatures
  A scorpion (D:5)
  A crimson imp (D:5)
  An orc wizard (D:5)
  A hound skeleton (D:4)
  7 adders
  A shadow imp (D:5)
  2 adder zombies (D:5)
  An ooze (D:1)
  2 worms
  2 dart slugs (D:3)
  A leopard gecko (D:1)
  3 orcs
  3 bats (D:3)
  3 giant cockroaches
  10 goblins
  12 hobgoblins
  11 jackals
  4 frilled lizards
  A jackal zombie (D:4)
  6 kobolds
  A leopard gecko skeleton (D:4)
  8 rats
82 creatures vanquished.

Notes
Turn   | Place    | Note
-------+----------+-------------------------------------------
     0 | D:1      | Delamore the Gargoyle Fighter began the quest for the Orb.
     0 | D:1      | Reached XP level 1. HP: 14/14 MP: 1/1
   220 | D:1      | Reached XP level 2. HP: 15/19 MP: 2/2
   383 | D:1      | Reached skill level 3 in Maces & Flails
   384 | D:1      | Reached XP level 3. HP: 23/23 MP: 3/3
   785 | D:2      | Found a faded altar of an unknown god.
  1071 | D:2      | Found an iron altar of Okawaru.
  1077 | D:2      | Reached XP level 4. HP: 28/28 MP: 4/4
  1096 | D:2      | Became a worshipper of Warmaster Okawaru
  1357 | D:3      | Reached skill level 4 in Maces & Flails
  1401 | D:3      | Found a white marble altar of Elyvilon.
  1827 | D:3      | Reached XP level 5. HP: 32/32 MP: 5/5
  2057 | D:3      | Found a bloodstained altar of Trog.
  2135 | D:4      | Found a sparkling altar of Nemelex Xobeh.
  2262 | D:4      | Found a staircase to the Ecumenical Temple.
  2480 | D:4      | Found a sacrificial altar of Ru.
  2584 | D:4      | Noticed an ogre
  3109 | D:4      | Noticed an ogre
  3186 | D:5      | Entered Level 5 of the Dungeon
  3196 | D:5      | Reached skill level 5 in Maces & Flails
  3252 | D:5      | Reached * piety under Okawaru
  3461 | D:5      | Reached XP level 6. HP: 33/37 MP: 6/6
  3548 | D:5      | Reached skill level 6 in Maces & Flails
  3608 | D:5      | Killed from afar by an orc priest

Illustrated notes

Levels and vault maps discovered:
D:1:      scummos_arrival_checkerplants, layout_rooms, minmay_split_cup_small
D:2:      layout_loops_ring, chequers_ecumenical_altar_simple,
          okawaru_altar_gauntlet_db
D:3:      layout_basic, lemuel_crystal_altar, lightli_temple_of_fire
D:4:      layout_loops_corners, nicolae_ru_the_path_less_chosen,
          nemelex_xobeh_ov_fountains_minmay, minmay_temple_entry_purple_smoke,
          kennysheep_small_circle
D:5:      layout_basic, first_ration

Skill      XL: |  1  2  3  4  5  6 |
---------------+-------------------+-----
Maces & Flails | 3 4 5 6 |  6.1
Shields        | 4 |  4.0
Fighting       | |  3.2
Armour         | |  3.2

Action                   |  1- 3 |  4- 6 || total
-------------------------+-------+-------++-------
Melee: Flail             |   101 |   223 ||   324
Evoke: Wand              |       |     1 ||     1
  Eat: Chunk             |     1 |     8 ||     9
Armor: Scale mail        |    58 |   142 ||   200
Dodge: Dodged            |    37 |    99 ||   136
Block: Buckler           |    26 |    75 ||   101
       Kite shield       |     4 |       ||     4
